 Dungeon Crawl Stone Soup version 0.28.0-1-gb440e238dd (webtiles) character file.

Game seed: 89596565620639740

58 hikkokomori the Digger (level 4, -1/24 HPs)
             Began as a Gargoyle Earth Elementalist on Feb 21, 2022.
             Slain by Grinder (7 damage)
             ... on level 3 of the Dungeon.
             The game lasted 00:04:17 (1775 turns).

hikkokomori the Digger (GrEE)                       Turns: 1775, Time: 00:04:18

Health: -1/24      AC:  7    Str: 16    XL:     4   Next: 2%
Magic:  8/8        EV: 12    Int: 17    God:
Gold:   84         SH:  0    Dex: 10    Spells: 2/8 levels left

rFire   + . .      SeeInvis .   i - +6 spear of Kindness {freeze, rF+ Str+4}
rCold   . . .      Faith    .   (no shield)
rNeg    + . .      Spirit   .   d - +0 robe
rPois   ∞          Reflect  .   a - +0 helmet
rElec   +          Harm     .   h - +0 cloak
rCorr   .          Rampage  .   (no gloves)
Will    .....                   (no boots)
Stlth   ++........              (no amulet)
HPRegen 0.08/turn               (no ring)
MPRegen 0.11/turn               (no ring)

@: no status effects
A: sickness immunity, AC +3, negative energy resistance 1, electricity
resistance, torment resistance 1, petrification resistance
a: no special abilities


You were on level 3 of the Dungeon.
You visited 1 branch of the dungeon, and saw 3 of its levels.

You collected 84 gold pieces.

Inventory:

Hand Weapons
 f - a +0 dagger of holy wrath
 i - the +6 spear of Kindness (weapon) {freeze, rF+ Str+4}
   (You found it on level 2 of the Dungeon)

   It freezes those it strikes, dealing additional cold damage.
   It can also slow down cold-blooded creatures.
   Str:       It affects your strength (+4).
   rF:        It protects you from fire.
 k - a +1 dagger of electrocution
Missiles
 c - 77 stones
Armour
 a - a +0 helmet (worn)
 d - a +0 robe (worn)
 h - a +0 cloak (worn)
Scrolls
 b - 2 scrolls of teleportation {unknown}
 g - 2 scrolls of identify {unknown}
 j - a scroll of acquirement {unknown}
 l - a scroll of enchant armour {unknown}
Potions
 e - 2 potions of might {unknown}
 m - a potion of berserk rage {unknown}


   Skills:
 - Level 1.7 Dodging
 + Level 3.2 Stealth
 + Level 2.6 Spellcasting
 - Level 1.0 Transmutations
 + Level 4.3 Earth Magic


You had 2 spell levels left.
You knew the following spells:

 Your Spells              Type           Power      Damage    Failure   Level
a - Sandblast             Erth           34%        2d9       3%          1
b - Passwall              Tmut/Erth      9%         N/A       9%          2
c - Stone Arrow           Conj/Erth      18%        3d8       22%         3

Your spell library contained the following spells:

 Spells                   Type           Power      Damage    Failure   Level
 Petrify                  Tmut/Erth      11%        N/A       52%         4
 Freezing Cloud           Conj/Ice/Air   1%         6-21      99%         5
 Simulacrum               Ice/Necr       1%         N/A       100%        6
 Polar Vortex             Ice            1%         N/A       100%        9


Dungeon Overview and Level Annotations

Branches:
Dungeon (3/15)

Altars:

Annotations:
D:3 Grinder


Innate Abilities, Weirdness & Mutations

You are immune to sickness and miasma.
Your stone body is resilient. (AC +3)
You are immune to poison.
You resist negative energy. (rN+)
You are resistant to electric shocks. (rElec)
You are resistant to unholy torment.
You are immune to petrification.


Message History

You can move again.
Unknown command.
You reach to attack!
You puncture Grinder!
Grinder is heavily wounded.
You puncture Grinder!
Grinder is severely wounded.
Grinder hits you but does no damage.
You barely miss Grinder.
Grinder is severely wounded.
Grinder hits you but does no damage.
You puncture Grinder!
Grinder is almost dead.
Grinder closely misses you.
You hit Grinder but do no damage.
Grinder is almost dead.
Grinder gestures at you.
You barely resist. You closely miss Grinder.
Grinder is almost dead.
Grinder misses you.
You hit Grinder but do no damage.
Grinder is almost dead.
Grinder gestures at you.
You suddenly lose the ability to move!
Grinder hits you but does no damage. Grinder gestures at you.
You resist with significant effort. Grinder hits you.
Grinder says, "Don't move a muscle."
Grinder hits you but does no damage.
Grinder says, "Don't move a muscle."
Grinder hits you.
* * * LOW HITPOINT WARNING * * *
Grinder hits you.
* * * LOW HITPOINT WARNING * * *
Grinder hits you but does no damage.
You can move again.
You closely miss Grinder.
Grinder is almost dead.
Grinder hits you!
You die...

#####+#.........>..
#.........$r.......
#...........####...
#....)......# #..#
#.....†##...# ...
#......##...# #.
#......++...+ #.##
#..5...##...# #...
#..@...###### ####
#......# #......#
#......# #......# ##
##....#########+###.
#..................
#..................
#..................


You could see Grinder.

Vanquished Creatures
  An adder (D:2)
  A dart slug (D:1)
  4 orcs (D:3)
  6 endoplasms
  2 giant cockroaches (D:1)
  5 goblins
  5 hobgoblins (D:1)
  5 ball pythons
  2 bats
  2 frilled lizards (D:2)
  3 kobolds
  5 rats
41 creatures vanquished.

Notes
Turn   | Place    | Note
-------+----------+-------------------------------------------
     0 | D:1      | hikkokomori the Gargoyle Earth Elementalist began the quest
                  | for the Orb.
     0 | D:1      | Reached XP level 1. HP: 10/10 MP: 3/3
   204 | D:1      | Reached skill level 1 in Transmutations
   204 | D:1      | Reached XP level 2. HP: 9/15 MP: 5/5
   635 | D:1      | Reached skill level 4 in Earth Magic
   821 | D:1      | Reached XP level 3. HP: 19/19 MP: 6/6
  1263 | D:2      | Identified the +6 spear of Kindness {freeze, rF+ Str+4}
  1610 | D:3      | Noticed Grinder
  1624 | D:3      | Learned a level 2 spell: Passwall
  1628 | D:3      | Learned a level 3 spell: Stone Arrow
  1701 | D:3      | Reached XP level 4. HP: 24/24 MP: 6/8
  1735 | D:3      | Paralysed by Grinder for 3 turns
  1754 | D:3      | Paralysed by Grinder for 6 turns
  1768 | D:3      | Paralysed by Grinder for 7 turns
  1775 | D:3      | Slain by Grinder

Illustrated notes

Levels and vault maps discovered:
D:1:      onia_arrival_pyramid, layout_loops_ring, corexii_leaking_fountain
D:2:      layout_loops_corners, hellmonk_ecumenical_altar_lost_god,
          kennysheep_big_empty_room
D:3:      layout_basic, uniq_grinder

Skill      XL: |  1  2  3 |
---------------+----------+-----
Transmutations | 1 |  1.0
Earth Magic    | 4 |  4.3
Stealth        | 3 |  3.2
Dodging        | |  1.7
Spellcasting   | |  2.6

Action                   |  1- 3 |  4- 6 || total
-------------------------+-------+-------++-------
Melee: Unarmed           |    12 |       ||    12
       Dagger            |    67 |       ||    67
       Punch             |     4 |       ||     4
       Spear             |    18 |    18 ||    36
 Cast: Sandblast         |    15 |     1 ||    16
 Stab: Sleeping          |     5 |       ||     5
Armor: Robe              |    25 |     5 ||    30
Dodge: Dodged            |    56 |     4 ||    60
